 Dungeon Crawl Stone Soup version 0.31.0-12-g77e489cdc1 (webtiles) character file.

Game seed: 5487253362256209985

319 minhee2137 the Conjurer (level 6, -13/45 HPs)
             Began as a Demigod Conjurer on Feb 28, 2024.
             Mangled by an ogre
             ... wielding a +0 giant club
              (27 damage)
             ... on level 5 of the Dungeon.
             The game lasted 00:15:25 (4056 turns).

minhee2137 the Conjurer (Demigod Conjurer)          Turns: 4056, Time: 00:15:26

Health: -13/45     AC:  4    Str:  8    XL:     6   Next: 0%
Magic:  5/13       EV: 12    Int: 34    God:
Gold:   274        SH:  0    Dex: 12    Spells: 4/11 levels left

rFire   . . .        e - +1 short sword
rCold   . . .        (no shield)
rNeg    . . .        a - +0 robe
rPois   .            (no helmet)
rElec   .            f - +0 cloak
rCorr   .            (no gloves)
SInv    .            k - +0 pair of boots
Will    .....        (no amulet)
Stlth   ++           c - +6 ring of intelligence
HPRegen 0.27/turn    (no ring)
MPRegen 0.13/turn

%: no passive effects
@: no status effects
A: high MP 1, forlorn, divine attributes
a: no special abilities


You were on level 5 of the Dungeon.
You visited 1 branch of the dungeon, and saw 5 of its levels.

You collected 274 gold pieces.

Inventory:

Hand Weapons
 e - a +1 short sword (weapon)
Armour
 a - a +0 robe (worn)
 f - a +0 cloak (worn)
 k - a +0 pair of boots (worn)
Jewellery
 c - a +6 ring of intelligence (left hand)
Talismans
 n - a serpent talisman
Scrolls
 i - a scroll of enchant weapon
 j - 3 scrolls of vulnerability
 m - a scroll of poison {unknown}
Potions
 b - a potion of attraction {unknown}
 d - 2 potions of brilliance
 g - a potion of mutation
 h - a potion of enlightenment
 l - 2 potions of curing
 o - a potion of invisibility {unknown}


   Skills:
 + Level 0.2 Short Blades
 + Level 2.1 Dodging
 + Level 2.4 Stealth
 + Level 0.2 Unarmed Combat
 + Level 3.1 Spellcasting
 + Level 5.7 Conjurations


You had 4 spell levels left.
You knew the following spells:

 Your Spells              Type           Power      Damage    Failure   Level
a - Magic Dart            Conj           100%       1d8       1%          1
b - Searing Ray           Conj           88%        2d7       1%          2
c - Iskenderun's Mystic   Conj/Tloc      25%        2d7       16%         4

Your spell library contained the following spells:

 Spells                   Type           Power      Damage    Failure   Level
 Summon Ice Beast         Ice/Summ       5%         N/A       16%         3
 Fulminant Prism          Conj/Alch      12%        3d8       17%         4
 Summon Mana Viper        Hex/Summ       5%         N/A       83%         5
 Monstrous Menagerie      Summ           2%         N/A       100%        7


Dungeon Overview and Level Annotations

Branches:
Dungeon (5/15)             Temple (0/1) D:4

Shops:
D:1 :   D:3 *


Innate Abilities, Weirdness & Mutations

You have an increased reservoir of magic. (+10% MP)
You shall have no god before yourself.
Your divine heritage dramatically boosts your attributes as you level up.


Message History

You miscast Magic Dart.
You are very lightly contaminated with residual magic.
Nothing appears to happen.
Aiming: Magic Dart (safe; 1% risk of failure)
Press: ? - help, Q - select action, (/) - cycle Shift-Dir - straight line, f/p - ogre
Aim: an ogre, wielding a +0 giant club (100% to hit)
The magic dart hits the ogre but does no damage.
The ogre hits you with a +0 giant club!!
Aiming: Magic Dart (safe; 1% risk of failure)
Press: ? - help, Q - select action, (/) - cycle Shift-Dir - straight line, f/p - ogre
Aim: an ogre, wielding a +0 giant club (100% to hit)
The magic dart hits the ogre.
The ogre is lightly wounded.
The ogre barely misses you. The ogre attacks as it pursues you!
The ogre hits you with a +0 giant club.
Aiming: Magic Dart (safe; 1% risk of failure)
Press: ? - help, Q - select action, (/) - cycle Shift-Dir - straight line, f/p - ogre
Aim: an ogre, wielding a +0 giant club (lightly wounded, 100% to hit)
The magic dart hits the ogre!
The ogre is moderately wounded.
Your magical contamination has completely faded away.
A gnoll comes into view. It is wielding a +0 club.
Aiming: Magic Dart (safe; 1% risk of failure)
Press: ? - help, Q - select action, (/) - cycle Shift-Dir - straight line, f/p - ogre
Aim: an ogre, wielding a +0 giant club (moderately wounded, 100% to hit)
The magic dart hits the ogre!
The ogre is severely wounded.
The gnoll shouts!
The ogre closely misses you.
A gnoll comes into view. It is wielding a +0 spear.
Aiming: Magic Dart (safe; 1% risk of failure)
Press: ? - help, Q - select action, (/) - cycle Shift-Dir - straight line, f/p - ogre
Aim: an ogre, wielding a +0 giant club (severely wounded, 100% to hit)
The magic dart hits the ogre!
The ogre is almost dead.
The ogre hits you with a +0 giant club!
* * * LOW HITPOINT WARNING * * *
The ogre hits you with a +0 giant club!!
Ouch! That really hurt!
You die... ...#.#. 555

.###.#
.#.....##5##.##..######
........###..##.......#
.#....#.....##........###
..........#..)[#........#.#
.#[#..##.#..####......8...#
# #..##.......#####.....##
#(..g..O##### ..##+##+
##.####@# .8.. gg #.# #...#
. #.# #### #.# #.# #.# #.#
..# ###


You could see an ogre, a quasit and a gnoll.

Vanquished Creatures
  An ogre (D:5)
  2 bombardier beetles (D:4)
  A sleepcap (D:4)
  An iguana (D:4)
  4 adders
  6 dart slugs
  3 orcs
  9 bats
  5 endoplasms
  4 giant cockroaches
  3 goblins
  6 hobgoblins
  2 jackals (D:1)
  5 kobolds
  A quokka (D:1)
  8 ball pythons
  6 frilled lizards
  6 rats
73 creatures vanquished.

Notes
Turn   | Place    | Note
-------+----------+-------------------------------------------
     0 | D:1      | minhee2137 the Demigod Conjurer began the quest for the
                  | Orb.
     0 | D:1      | Reached XP level 1. HP: 14/14 MP: 5/5
   213 | D:1      | You fall into a shaft and drop 1 floor!
   364 | D:2      | Reached skill level 4 in Conjurations
   364 | D:2      | Reached XP level 2. HP: 8/20 MP: 0/7
   470 | D:2      | Learned a level 2 spell: Searing Ray
   828 | D:1      | Found Bymynez's Book Shoppe.
   909 | D:1      | Reached XP level 3. HP: 26/26 MP: 6/8
  2290 | D:3      | Reached XP level 4. HP: 32/33 MP: 3/10
  2354 | D:3      | Found Gozag's Platinum Reserve.
  2577 | D:3      | Learned a level 4 spell: Iskenderun's Mystic Blast
  2853 | D:4      | Found a staircase to the Ecumenical Temple.
  2882 | D:4      | Reached skill level 5 in Conjurations
  2913 | D:4      | Reached XP level 5. HP: 29/38 MP: 0/12
  4010 | D:5      | Entered Level 5 of the Dungeon
  4012 | D:5      | Noticed an ogre
  4031 | D:5      | Killed an ogre
  4032 | D:5      | Reached XP level 6. HP: 45/45 MP: 8/13
  4056 | D:5      | Mangled by an ogre

Illustrated notes

Levels and vault maps discovered:
D:1:      dpeg_arrival_boxorama, layout_basic, serial_shops, shop
D:2:      wander_river, layout_loops_ring, chequers_ecumenical_altar_twisty
D:3:      layout_rooms, mainiacjoe_overflow_paths,
          nicolae_gozag_zags_fifth_avenue
D:4:      layout_basic, hellmonk_sif_muna_bookshelves, temple_green
D:5:      cheibrodos_quashed, layout_basic, grunt_ministairs_4,
          nicolae_specific_store, minmay_shop_damaged, hangedman_decor_lopped,
          minmay_starry_boxes

Skill      XL: |  1  2  3  4  5 |
---------------+----------------+-----
Conjurations   | 4 5 |  5.7
Spellcasting   | 2 3 |  3.1
Stealth        | 2 |  2.4
Dodging        | 2 |  2.1
Short Blades   | |  0.2
Unarmed Combat | |  0.2

Action                     |  1- 3 |  4- 6 || total
---------------------------+-------+-------++-------
  Melee: Unarmed           |     9 |       ||     9
         Short sword       |     1 |    13 ||    14
   Cast: Magic Dart        |    86 |    51 ||   137
         Searing Ray       |    11 |     8 ||    19
         Iskenderun's Myst |       |     3 ||     3
    Use: Scroll            |     6 |     1 ||     7
         Potion            |     2 |     8 ||    10
 Armour: Robe              |    20 |    36 ||    56
  Dodge: Dodged            |    32 |    38 ||    70
